 Dungeon Crawl Stone Soup version 0.28.0-53-g5a82cb258f (webtiles) character file.

Game seed: 3139613170600932050

53 SanguineChosen the Chopper (level 3, -7/34 HPs)
             Began as a Minotaur Berserker on Aug 7, 2022.
             Was a Follower of Trog.
             Mangled by Sigmund
             ... wielding a +0 scythe
              (8 damage)
             ... on level 2 of the Dungeon.
             The game lasted 00:07:16 (1746 turns).

SanguineChosen the Chopper (Minotaur Berserker)     Turns: 1746, Time: 00:07:16

Health: -7/34      AC:  8    Str: 23    XL:     3   Next: 64%
Magic:  2/2        EV: 10    Int:  4    God:    Trog [*.....]
Gold:   48         SH:  0    Dex:  9    Spells: 2/2 levels left

rFire   . . .      SeeInvis .   a - +0 hand axe
rCold   . . .      Faith    .   (no shield)
rNeg    . . .      Spirit   .   c - +0 scale mail
rPois   .          Reflect  .   (helmet restricted)
rElec   .          Harm     .   (no cloak)
rCorr   .          Rampage  .   e - +0 pair of gloves
Will    .....                   (no boots)
Stlth   ..........              (no amulet)
HPRegen 0.11/turn               (no ring)
MPRegen 0.08/turn               (no ring)

@: mighty
A: horns 2, retaliatory headbutt
a: Renounce Religion, Berserk


You were on level 2 of the Dungeon.
You worshipped Trog.
Trog was aware of your devotion.
You visited 1 branch of the dungeon, and saw 2 of its levels.

You collected 129 gold pieces.
You spent 81 gold pieces at shops.

Inventory:

Hand Weapons
 a - a +0 hand axe (weapon)
Armour
 c - a +0 scale mail (worn)
 e - a +0 pair of gloves (worn)
Potions
 d - a potion of might
 g - 4 potions of resistance


   Skills:
 + Level 4.3 Fighting
 + Level 4.4 Axes
 + Level 3.2 Armour
 + Level 2.4 Dodging


You had 2 spell levels left.
You didn't know any spells.
Your spell library was empty.

Dungeon Overview and Level Annotations

Branches:
Dungeon (2/15)

Altars:

Shops:
D:1 *

Annotations:
D:2 Sigmund


Innate Abilities, Weirdness & Mutations

You have a pair of horns on your head.
You reflexively headbutt those who attack you in melee.


Message History

A puff of flame appears from out of thin air!
The puff of flame hits you!
You closely miss something.
You feel the effects of Trog's Hand fading.
Something hits you but does no damage.
You miss something.
You hear some strange, mumbled words.
A puff of flame appears from out of thin air!
The puff of flame hits you but does no damage.
You barely miss something. Something hits you but does no damage.
You completely miss something. Your headbutt misses something.
You hear some strange, mumbled words.
Something tries to affect you, but you resist.
You closely miss something.
Your skin stops crawling.
You feel less strong-willed.
You hear some strange, mumbled words.
You are confused.
Something hits you.
You barely miss something. Something hits you.
You barely miss something. Something hits you but does no damage.
You feel less confused. Something hits you!
You miss something. Your headbutt misses something.
Your punch misses something. Something hits you but does no damage.
You completely miss something.
Okay, then.
You closely miss something. Something hits you.
You hit something. Something hits you but does no damage.
You miss something. Something hits you!
* * * LOW HITPOINT WARNING * * *
It was a potion of might.
You feel very mighty all of a sudden.
You barely miss something.
You hear some strange, mumbled words.
A magic dart appears from out of thin air!
The magic dart hits you.
* * * LOW HITPOINT WARNING * * *
Something hits you!
You die...

#.......#######.....#
. . #.###.###
##.....##.###.. #.#
#.# ####............
#.# #.#
#.............. #.#
#.#
#.##.......#.###..
#.# #.#
#.####...#......# #.#
#.#####.# #.#..#.#.
#.# #.##.##.##.#
#.#.# #.# #.#.#.#@#.#
#..## #.###..###..{#
##..# #.)...## ##.#.#
#...# ######.#
#..##.# #.#..# #.
#.#.#.#
#.#.##g†#####. #.##.#
#.# #@....... #.##..
...# #B######. #
######. # #r# #b .
#†######.


There were no monsters in sight!

Vanquished Creatures
  2 adders (D:2)
  A dart slug (D:2)
  5 ball pythons
  5 bats
  6 endoplasms (D:1)
  2 goblins
  2 hobgoblins (D:1)
  2 quokkas (D:1)
  A frilled lizard (D:1)
  2 kobolds (D:2)
  5 rats
33 creatures vanquished.

Notes
Turn   | Place    | Note
-------+----------+-------------------------------------------
     0 | D:1      | SanguineChosen the Minotaur Berserker began the quest for
                  | the Orb.
     0 | D:1      | Reached XP level 1. HP: 19/19 MP: 0/0
   226 | D:1      | Reached XP level 2. HP: 27/27 MP: 1/1
   338 | D:1      | Found Laqukly's Assorted Antiques.
  1224 | D:1      | Bought a pair of gloves for 81 gold pieces
  1330 | D:2      | Reached XP level 3. HP: 32/33 MP: 2/2
  1350 | D:2      | Noticed Sigmund
  1575 | D:2      | Reached ** piety under Trog
  1745 | D:2      | HP: 1/34 [something/magic dart (4)]
  1746 | D:2      | Mangled by Sigmund

Illustrated notes

Levels and vault maps discovered:
D:1:      erik_arrival_blinker_ship, layout_loops_ring, serial_shops, shop,
          grunt_decor_cap, kennysheep_small_spiral
D:2:      layout_loops_ring, uniq_sigmund

Skill      XL: |  1  2  3 |
---------------+----------+-----
Axes           | 4 |  4.4
Fighting       | 4 |  4.3
Armour         | 3 |  3.2
Dodging        | |  2.4

Action                   || total
-------------------------++-------
Melee: Hand axe          ||    97
       Headbutt          ||    11
       Punch             ||     1
Invok: Trog's Hand       ||     1
  Use: Scroll            ||     2
       Potion            ||     1
Armor: Animal skin       ||     4
       Scale mail        ||    46
Dodge: Dodged            ||    49
